 Dungeon Crawl Stone Soup version 0.15.0-11-g6f4f891 (webtiles) character file.

1087 RobertPalmer the Summoner (level 8, -2/46 HPs)
             Began as an Octopode Summoner on Aug 31, 2014.
             Was an Initiate of Ashenzari.
             Slain by a sky beast (5 damage)
             ... on Level 6 of the Dungeon.
             The game lasted 00:34:32 (9359 turns).

RobertPalmer the Summoner (Octopode Summoner)       Turns: 9359, Time: 00:34:33

HP  -2/46        AC  1     Str  8      XL: 8   Next: 30%
MP  12/13        EV 12     Int 19      God: Ashenzari [......]
Gold 413         SH  6     Dex 12      Spells:  2 memorised,  6 levels left

rFire  . . .     SeeInvis .     a - +1 whip (elec)
rCold  . . .     Clarity  .     A - +1 buckler (curse)
rNeg   + . .     rCorr    +     (helmet restricted)
rPois  .         rRot     .     l - cursed amulet of resist corrosion
rElec  .         Spirit   .     u - cursed ring of positive energy
SustAb .         Warding  .     (no ring)
rMut   .         Stasis   .     (no ring)
Gourm  .                        (no ring)
MR     .....                    (no ring)
                                (no ring)
                                (no ring)
                                (no ring)

@: not resistant to hostile enchantments, fairly stealthy
A: almost no armour, amphibious, 8 rings, constrict 8, camouflage 1, gelatinous
body 1
a: Renounce Religion


You were on level 6 of the Dungeon.
You worshipped Ashenzari.
Ashenzari was noncommittal.
You were hungry.

You visited 2 branches of the dungeon, and saw 7 of its levels.
You also visited: Sewer.

You collected 413 gold pieces.


Innate Abilities, Weirdness & Mutations

You cannot wear most types of armour.
You are amphibious.
You can wear up to eight rings at the same time.
You can use your tentacles to constrict many enemies at once.
Your skin changes colour to match your surroundings (Stealth).
Your rubbery body absorbs attacks (AC +1).


   Skills:
 - Level 2.0 Dodging
 - Level 2.6 Stealth
 - Level 5.3 Shields
 - Level 2.0 Spellcasting
 + Level 8.8 Summonings


You had 6 spell levels left.
You knew the following spells:

 Your Spells              Type           Power        Failure   Level  Hunger
x - Call Canine Familiar  Summ           #####...     1%          3    ####...
z - Call Imp              Summ           #####...     1%          2    ##.....

Inventory:

Hand weapons
 a - a +1 whip of electrocution (weapon)
 e - a +3 dagger
 x - a +0 blowgun
Armour
 A - a cursed +1 buckler (worn)
Comestibles
 n - 10 bread rations
 s - a beef jerky
 v - 3 meat rations
Scrolls
 g - 4 scrolls of remove curse
 i - 2 scrolls of recharging
 j - a scroll of enchant armour
 m - a scroll of amnesia
 o - 3 scrolls of teleportation
 y - 4 scrolls of identify
 H - 3 scrolls of curse jewellery
Jewellery
 l - a cursed amulet of resist corrosion (around mantle)
 u - a cursed ring of positive energy (left tentacle)
Potions
 f - a potion of cancellation
 k - a potion of berserk rage {unknown}
 q - a potion of resistance {unknown}
 r - a potion of heal wounds {unknown}
 t - 2 potions of might
 w - a potion of degeneration {unknown}
 C - a potion of magic {unknown}
 G - a potion of haste {unknown}
Books
 b - a book of Callings
 c - a book of the Sky

Dungeon Overview and Level Annotations

Branches:
Dungeon (6/15)             Temple (1/1) D:4

Altars:
Ashenzari
Dithmenos
Elyvilon
Fedhas
Kikubaaqudgha
Makhleb
Nemelex Xobeh
Qazlal
Sif Muna
Trog
Xom
Yredelemnul
Zin
The Shining One

Annotations:
D:4 Eustachio, Sigmund
D:6 HungrySpirit's ghost, experienced MiMo

# ..##
....>###########
..............#
#......≈.##.#
#.##.......##.####
#.......#......Y<#
#######.#.#.....@h.#
.....##.#.##########
####.##............#
......(...#.#####.##
####.#....#........#
..........#.#####.##
####.####.#.#
###.#hY..#.# ######
#.....####.###....#


You could see a sky beast and a friendly hound.


Message History

A sky beast appears from thin air!
Reactivating autopickup.
Your hound bites the sky beast.
Your hound bites the sky beast.
The sky beast hits you.
* * * LOW HITPOINT WARNING * * *
The sky beast shocks you.
* * * LOW HITPOINT WARNING * * *
The sky beast hits your hound. The sky beast shocks your hound.
The sky beast hits your hound. The sky beast shocks your hound.
Your hound dies!
The sky beast flickers out of sight!
Deactivating autopickup; reactivate with Ctrl-A.
Something hits you.
* * * LOW HITPOINT WARNING * * *
Something shocks you.
* * * LOW HITPOINT WARNING * * *
There is a stone staircase leading up here.
Drink which item? (? for menu, Esc to quit)
Okay, then.
Your hound bites something.
Something hits you.
* * * LOW HITPOINT WARNING * * *
Something shocks you.
* * * LOW HITPOINT WARNING * * *
A sky beast appears from thin air!
Reactivating autopickup.
The sky beast hits you.
* * * LOW HITPOINT WARNING * * *
The sky beast shocks you.
You die...

Action                   |  1- 3 |  4- 6 |  7- 9 || total
-------------------------+-------+-------+-------++-------
Melee: Unarmed           |    13 |       |       ||    13
       Dagger            |    69 |    21 |       ||    90
       Whip              |       |    84 |    92 ||   176
 Cast: Summon Small Mamm |     8 |    15 |     1 ||    24
       Call Canine Famil |     6 |    42 |    21 ||    69
       Call Imp          |       |       |     3 ||     3
  Use: Potion            |       |     6 |       ||     6
       Scroll            |       |     4 |    12 ||    16
 Stab: Sleeping          |     6 |     8 |     5 ||    19
       Distracted        |     2 |     1 |       ||     3
  Eat: Chunk             |     6 |     9 |     9 ||    24
       Beef jerky        |       |     2 |     1 ||     3
       Bread ration      |       |     1 |       ||     1
       Pizza             |       |       |     1 ||     1

Vault maps used:
D:1:      dpeg_arrival_rhombus
D:3:      portal_sewer_entry_d, uniq_crazy_yiuf_cottage
D:4:      minmay_temple_entry_trees, serial_shops, shop, uniq_iyjb,
          uniq_sigmund, uniq_eustachio
D:5:      ashenzari_conservatory_becter, first_bread, minivault_24,
          kennysheep_generic_room_9
D:6:      kennysheep_mini_moat, tso_metal_star
Temple:   eino_temple_water_12
Sewer:    sewer_big_baddie

Notes
Turn   | Place    | Note
--------------------------------------------------------------
     0 | D:1      | RobertPalmer, the Octopode Summoner, began the quest for the Orb.
     0 | D:1      | Reached XP level 1. HP: 11/11 MP: 3/3
   961 | D:1      | Reached XP level 2. HP: 4/17 MP: 2/4
  1902 | D:1      | Reached XP level 3. HP: 14/21 MP: 6/6
  2310 | D:2      | Reached skill level 5 in Summonings
  2320 | D:2      | Learned a level 3 spell: Call Canine Familiar
  2659 | D:2      | Reached XP level 4. HP: 18/27 MP: 5/7
  3158 | D:3      | Found a glowing drain.
  3244 | Sewer    | Entered a sewer
  3285 | Sewer    | Noticed Purgy
  3969 | Sewer    | HP: 1/27 [Purgy (3)]
  4254 | Sewer    | Killed Purgy
  4254 | Sewer    | Reached skill level 6 in Summonings
  4254 | Sewer    | Reached XP level 5. HP: 12/31 MP: 1/9
  5228 | D:3      | Noticed Crazy Yiuf
  5283 | D:3      | Killed Crazy Yiuf
  5495 | D:4      | Reached skill level 7 in Summonings
  5495 | D:4      | Reached XP level 6. HP: 29/36 MP: 6/10
  5508 | D:4      | Found a staircase to the Ecumenical Temple.
  5530 | D:4      | Noticed spanner's ghost (average GrBe)
  5681 | D:4      | Killed spanner's ghost
  5760 | Temple   | Entered the Ecumenical Temple
  5919 | D:4      | Noticed Ijyb
  5930 | D:4      | Killed Ijyb
  6158 | D:4      | Reached skill level 8 in Summonings
  6450 | D:4      | Reached XP level 7. HP: 36/41 MP: 8/12
  6569 | D:4      | Noticed Sigmund
  6620 | D:4      | Noticed Eustachio
  6830 | D:5      | Entered Level 5 of the Dungeon
  7169 | D:5      | Reached skill level 1 in Shields
  7328 | D:5      | Reached skill level 2 in Shields
  7887 | D:5      | Reached skill level 3 in Shields
  7895 | D:5      | Reached XP level 8. HP: 32/46 MP: 10/13
  7966 | D:5      | Reached skill level 4 in Shields
  8040 | D:5      | Found a shattered altar of Ashenzari.
  8100 | D:5      | Became a worshipper of Ashenzari the Shackled
  8344 | D:5      | Learned a level 2 spell: Call Imp
  8504 | D:6      | Found a glowing golden altar of the Shining One.
  8554 | D:6      | Noticed HungrySpirit's ghost (experienced MiMo)
  8601 | D:6      | Found an ancient bone altar of Kikubaaqudgha.
  8836 | D:6      | Reached skill level 5 in Shields
  9358 | D:6      | HP: 4/46 [something (6)]
  9359 | D:6      | Slain by a sky beast

Vanquished Creatures
  An ice beast (D:5)
  A phantom (D:4)
  A centaur (D:6)
  A scorpion (D:4)
  A crimson imp (D:5)
  A jelly (D:5)
  An iguana (D:4)
  2 orc wizards
  2 worker ants (D:5)
  An adder (D:5)
  A giant mite (D:4)
  3 worms
  An iguana zombie (D:6)
  2 adder skeletons
  4 giant geckos
  2 oozes
  7 orcs
  A ball python (D:2)
  10 bats
  4 giant cockroaches
  7 goblins
  8 hobgoblins
  4 jackals (D:5)
  A quokka (D:5)
  5 giant newts
  A giant newt skeleton (D:4)
  A goblin skeleton (D:5)
  10 kobolds
  An orc zombie (D:6)
  12 rats
97 creatures vanquished.

Vanquished Creatures (collateral kills)
  The ghost of spanner the Skirmisher, an average GrBe of Trog (D:4)
  Purgy (Sewer)
  A phantom (D:5)
  An orc warrior (D:6)
  2 ogres (D:5)
  A scorpion (D:4)
  A goliath beetle (D:6)
  Crazy Yiuf (D:3)
  A jelly (D:5)
  An orc wizard (D:6)
  Ijyb (D:4)
  3 gnolls (D:2)
  5 adders
  A shadow imp (D:6)
  A giant mite (D:3)
  2 worms
  An ooze (D:5)
  9 orcs
  2 bats
  3 goblins
  5 hobgoblins
  A kobold (D:3)
  A kobold skeleton (D:6)
  3 quokkas
  A rat (D:3)
50 creatures vanquished.

Vanquished Creatures (others)
  4 wolves
  2 crimson imps (D:6)
  35 hounds
  3 bats
  4 quokkas
  A rat (Sewer)
49 creatures vanquished.

Grand Total: 196 creatures vanquished
